 Dungeon Crawl Stone Soup version 0.28.0-53-g5a82cb258f (webtiles) character file.

Game seed: 1237542293740620122

2044 issech the Cleaver (level 9, -6/78 HPs)
             Began as a Minotaur Monk on June 13, 2022.
             Killed from afar by Erica (15 damage)
             ... with a lance of force
             ... on level 8 of the Dungeon.
             The game lasted 00:24:08 (6706 turns).

issech the Cleaver (Minotaur Monk)                  Turns: 6706, Time: 00:24:09

Health: -6/78      AC: 10    Str: 17    XL:     9   Next: 4%
Magic:  8/8        EV: 16    Int:  7    God:
Gold:   268        SH:  5    Dex: 22    Spells: 8/8 levels left

rFire   . . .      SeeInvis .   F - +3 flail (protect)
rCold   . . .      Faith    .   z - +0 buckler
rNeg    . . .      Spirit   .   m - +0 scale mail
rPois   .          Reflect  .   (helmet restricted)
rElec   .          Harm     .   I - +0 cloak
rCorr   .          Rampage  .   (no gloves)
Will    .....                   G - +0 pair of boots
Stlth   +.........              (no amulet)
HPRegen 0.23/turn               E - +6 ring of dexterity
MPRegen 0.11/turn               D - +4 ring of evasion

@: lethally poisoned (-6 -> -10), slowed, very slow
A: horns 2, retaliatory headbutt
a: no special abilities


You were on level 8 of the Dungeon.
You visited 2 branches of the dungeon, and saw 8 of its levels.

You collected 282 gold pieces.
You spent 14 gold pieces at shops.

Inventory:

Hand Weapons
 a - a +0 hand axe
 h - a +0 war axe
 n - a +0 mace
 q - a +0 short sword
 y - a +1 dagger of venom
 A - a +0 hunting sling
 C - a +1 short sword of electrocution
 F - a +3 flail of protection (weapon)
 J - a +3 quarterstaff of chaos
 M - a +3 spear of venom
Missiles
 d - 121 stones
 r - 41 bolts
 s - 40 arrows
 t - 12 poisoned darts
 B - a boomerang (quivered)
 K - a curare-tipped dart
Armour
 b - a +0 robe
 m - a +0 scale mail (worn)
 w - a +0 cloak
 z - a +0 buckler (worn)
 G - a +0 pair of boots (worn)
 I - a +0 cloak (worn)
Magical Staves
 u - a staff of death
Jewellery
 D - a +4 ring of evasion (right hand)
 E - a +6 ring of dexterity (left hand)
Wands
 l - a wand of polymorph (9)
 x - a wand of digging (10)
 H - a wand of flame (20)
 O - a wand of charming (8)
Scrolls
 c - 2 scrolls of amnesia
 e - a scroll of magic mapping
 j - a scroll of fear
 k - 2 scrolls of teleportation
 o - a scroll of vulnerability {unknown}
 N - a scroll of silence {unknown}
Potions
 f - 3 potions of curing {unknown}
 g - 2 potions of magic {unknown}
 i - 3 potions of might {unknown}
 p - a potion of degeneration
 v - a potion of ambrosia {unknown}
 L - a potion of flight {unknown}
 P - a potion of brilliance {unknown}


   Skills:
 + Level 6.5 Fighting
 + Level 9.6(10.0) Axes
 + Level 4.1(7.4) Maces & Flails
 + Level 0.8 Throwing
 + Level 5.6 Armour
 + Level 5.5 Dodging
 + Level 2.3 Stealth
 + Level 2.1 Shields


You had 8 spell levels left.
You didn't know any spells.
Your spell library contained the following spells:

 Spells                   Type           Power      Damage    Failure   Level
 Freeze                   Ice            0%         1d3       88%         1
 Pain                     Necr           0%         1d4       88%         1
 Slow                     Hex            0%         N/A       88%         1
 Summon Small Mammal      Summ           0%         N/A       88%         1
 Call Canine Familiar     Summ           0%         N/A       99%         3
 Confusing Touch          Hex            0%         N/A       99%         3
 Dazzling Flash           Conj/Hex       0%         N/A       99%         3
 Frozen Ramparts          Ice            0%         1d2       99%         3
 Stone Arrow              Conj/Erth      0%         3d7       99%         3
 Summon Guardian Golem    Hex/Summ       0%         N/A       99%         3
 Vampiric Draining        Necr           0%         2d6       99%         3
 Animate Armour           Summ/Erth      0%         N/A       100%        4
 Hailstorm                Conj/Ice       0%         3d3       100%        4
 Agony                    Necr           0%         N/A       100%        5
 Metabolic Englaciation   Hex/Ice        0%         N/A       100%        5
 Silence                  Hex/Air        0%         N/A       100%        5
 Haunt                    Necr/Summ      0%         N/A       100%        7
 Lehudib's Crystal Spear  Conj/Erth      0%         10d2      100%        8


Dungeon Overview and Level Annotations

Branches:
Dungeon (6/15)             Temple (1/1) D:5

Altars:
Ashenzari
Dithmenos
Elyvilon
Fedhas
Gozag
Kikubaaqudgha
Makhleb
Nemelex Xobeh
Okawaru
Qazlal
Ru
Sif Muna
Trog
Uskayaw
Vehumet
Wu Jian
Yredelemnul
Zin
The Shining One

Shops:
D:1 [   D:2 !

Annotations:
D:4 Menkaure
D:8 Erica


Innate Abilities, Weirdness & Mutations

You have a pair of horns on your head.
You reflexively headbutt those who attack you in melee.


Message History

Something hits you but does no damage.
You hit something but do no damage. Something hits you but does no damage.
You hit something. Something barely misses you.
You completely miss something.
Something hits you but does no damage. x2
You closely miss something. You headbutt something.
Something barely misses you.
You closely miss something. Something hits you but does no damage.
You closely miss something. Something hits you but does no damage.
You closely miss something. Your headbutt misses something. Something hits you.
Something burns you.
You sock something!
Your weapon exudes an aura of protection.
Your headbutt misses something. Something hits you but does no damage.
You thump something! Something hits you! Something burns you.
You miss something. Something hits you! Something burns you.
You barely miss something.
You hear some strange, mumbled words.
You feel yourself slow down.
You miss something. Your headbutt misses something.
Something closely misses you.
You hear some strange, mumbled words.
A bolt of poison appears from out of thin air!
The bolt of poison hits you!!
You are poisoned.
You closely miss something.
You feel very sick.
You hear some strange, mumbled words.
Something tries to affect you, but you resist.
You miss something. Your headbutt misses something.
You feel very sick. Something hits you.
* * * LOW HITPOINT WARNING * * *
Something burns you.
* * * LOW HITPOINT WARNING * * *
You block something's attack.
You miss something.
You feel sick.
You hear some strange, mumbled words.
A lance of force appears from out of thin air!
The lance of force hits you!
You die...

#...[..#.........
#......#######.#.
##'###.# .# #.#
.# # #.# .# #.#
.. #.# ## #######
#.#######.......
#......@{..#
############


There were no monsters in sight!

Vanquished Creatures
  Prince Ribbit (D:4)
  Eustachio (D:6)
  Edmund (D:5)
  An ice beast (D:5)
  A necrophage (D:6)
  2 ogres
  A phantom (D:4)
  Blork the orc (D:4)
  2 kobold brigands
  A gnoll sergeant (D:6)
  2 scorpions
  A water moccasin skeleton (D:4)
  2 howler monkeys
  A centaur zombie (D:6)
  A bullfrog zombie (D:5)
  2 orc priests (D:4)
  A jelly (D:6)
  2 bullfrog skeletons (D:5)
  Crazy Yiuf (D:5)
  A gnoll shaman (D:5)
  Ijyb (D:4)
  Terence (D:2)
  4 iguanas
  An orc wizard (D:8)
  2 hound skeletons
  4 gnolls
  5 adders
  An ufetubus (D:5)
  2 adder skeletons (D:4)
  3 dart slugs (D:1)
  9 orcs
  9 ball pythons
  5 bats
  14 endoplasms
  A giant cockroach (D:3)
  4 goblins
  6 hobgoblins
  8 jackals
  9 kobolds
  2 quokkas
  6 frilled lizards
  3 rats
126 creatures vanquished.

Vanquished Creatures (others)
  3 fungi (D:5)
3 creatures vanquished.

Grand Total: 129 creatures vanquished

Notes
Turn   | Place    | Note
-------+----------+-------------------------------------------
     0 | D:1      | issech the Minotaur Monk began the quest for the Orb.
     0 | D:1      | Reached XP level 1. HP: 19/19 MP: 0/0
   179 | D:1      | Reached XP level 2. HP: 26/27 MP: 1/1
   237 | D:1      | Reached skill level 4 in Axes
   407 | D:1      | Found Juan's Antique Armour Shop.
   616 | D:1      | Reached XP level 3. HP: 26/33 MP: 2/2
  1357 | D:2      | Reached XP level 4. HP: 40/40 MP: 3/3
  1545 | D:2      | Noticed Terence
  1554 | D:2      | Killed Terence
  1555 | D:2      | Reached skill level 5 in Axes
  1704 | D:2      | Found a faded altar of an unknown god.
  1804 | D:2      | Found Somoptu's Distillery.
  1815 | D:2      | Bought a potion of degeneration for 14 gold pieces
  2071 | D:3      | Noticed a kobold brigand
  2071 | D:3      | Noticed an ogre
  2097 | D:3      | Found a stormy altar of Qazlal.
  2133 | D:3      | Killed an ogre
  2134 | D:3      | Reached XP level 5. HP: 47/47 MP: 4/4
  2149 | D:3      | Reached skill level 6 in Axes
  2149 | D:3      | Reached XP level 6. HP: 48/55 MP: 5/5
  2450 | D:3      | Found a sacrificial altar of Ru.
  2668 | D:4      | Noticed Ijyb
  2681 | D:4      | Killed Ijyb
  2682 | D:4      | Reached skill level 1 in Armour
  3044 | D:4      | Reached skill level 5 in Fighting
  3288 | D:4      | Noticed Blork the orc
  3301 | D:4      | Killed Blork the orc
  3302 | D:4      | Reached skill level 7 in Axes
  3302 | D:4      | Reached skill level 5 in Dodging
  3549 | D:5      | Entered Level 5 of the Dungeon
  3558 | D:5      | Noticed Prince Ribbit
  3573 | D:4      | Killed Prince Ribbit
  3574 | D:4      | Reached XP level 7. HP: 6/61 MP: 6/6
  4065 | D:4      | Reached skill level 8 in Axes
  4255 | D:4      | Noticed Menkaure
  4346 | D:4      | Got Selymp's Tome of the Ghastly Frostbite
  4736 | D:5      | Reached XP level 8. HP: 58/70 MP: 7/7
  4801 | D:5      | Reached skill level 1 in Shields
  4822 | D:5      | Found a broken altar of Ashenzari.
  4964 | D:5      | Reached skill level 9 in Axes
  5044 | D:5      | Noticed Edmund
  5063 | D:5      | Killed Edmund
  5249 | D:5      | Found a staircase to the Ecumenical Temple.
  5255 | Temple   | Entered the Ecumenical Temple
  5541 | D:5      | Found a runed translucent door.
  5542 | D:5      | Noticed Crazy Yiuf
  6086 | D:5      | Killed Crazy Yiuf
  6087 | D:5      | Reached skill level 5 in Armour
  6218 | D:6      | Reached skill level 1 in Maces & Flails
  6296 | D:6      | Noticed Eustachio
  6341 | D:6      | Killed Eustachio
  6384 | D:6      | Reached XP level 9. HP: 44/78 MP: 8/8
  6599 | D:6      | You fall into a shaft and drop 2 floors!
  6684 | D:8      | Noticed Erica
  6706 | D:8      | Killed from afar by Erica

Illustrated notes

Levels and vault maps discovered:
D:1:      wander_arrival_desolate, layout_basic, serial_shops,
          nicolae_shop_behind_doors
D:2:      layout_loops_ring, shapermc_ecumenical_altar_totnotflames,
          serial_shops, nicolae_square_shop, uniq_terence
D:3:      layout_rooms, mainiacjoe_overflow_surrounded_room,
          mainiacjoe_overflow_catwalk
D:4:      layout_basic, kennysheep_generic_room_8, uniq_blork_the_orc,
          uniq_ijyb, uniq_menkaure
D:5:      minmay_skewed_foursquare, layout_loops_cross, evilmike_ruin_ashenzari,
          minmay_temple_entry_glassed_door, uniq_prince_ribbit1, uniq_edmund,
          uniq_crazy_yiuf_cottage
D:6:      layout_basic, uniq_eustachio
D:8:      layout_basic, mainiacjoe_overflow_alcove_2, lair_entry_dummy,
          serial_undead, serial_undead_b, serial_undead_d, serial_undead_d,
          serial_undead_f, serial_undead_f, uniq_pikel, uniq_erica
Temple:   regret_index_temple_sphere_string

Skill      XL: |  1  2  3  4  5  6  7  8 |
---------------+-------------------------+-----
Axes           | 4 5 6 7 8 9 |  9.6
Fighting       | 4 5 6 |  6.5
Stealth        | 2 |  2.3
Dodging        | 4 5 |  5.5
Armour         | 3 4 5 |  5.6
Shields        | 2 |  2.1
Maces & Flails | 4 |  4.1
Throwing       | |  0.8

Action                   |  1- 3 |  4- 6 |  7- 9 || total
-------------------------+-------+-------+-------++-------
Melee: Hand axe          |    47 |       |       ||    47
       Headbutt          |     9 |    17 |    45 ||    71
       War axe           |    33 |    97 |    92 ||   222
       Punch             |       |     1 |       ||     1
       Flail             |       |       |   101 ||   101
Throw: Stone             |       |     2 |       ||     2
       Boomerang         |       |     3 |       ||     3
  Use: Scroll            |       |       |     4 ||     4
 Stab: Sleeping          |     2 |       |       ||     2
Armor: Robe              |    14 |     1 |       ||    15
       Scale mail        |       |    30 |    51 ||    81
Dodge: Dodged            |    51 |    72 |   111 ||   234
Block: Buckler           |       |     7 |    29 ||    36
